 Dungeon Crawl Stone Soup version 0.29.0-5-ge4962eb29e (webtiles) character file.

Game seed: 15391516457155196365

191 sanka the Ducker (level 5, -6/41 HPs)
             Began as a Merfolk Air Elementalist on Aug 28, 2022.
             Was a Believer of Vehumet.
             Mangled by Terence
             ... wielding a +0 short sword
              (8 damage)
             ... on level 2 of the Dungeon.
             The game lasted 00:06:05 (2756 turns).

sanka the Ducker (Merfolk Air Elementalist)         Turns: 2756, Time: 00:06:05

Health: -6/41      AC:  2    Str:  8    XL:     5   Next: 70%
Magic:  8/8        EV: 15    Int: 16    God:    Vehumet [**....]
Gold:   46         SH:  0    Dex: 15    Spells: 7/8 levels left

rFire   . . .      SeeInvis .   r - +0 scythe
rCold   . . .      Faith    .   (shield currently unavailable)
rNeg    . . .      Spirit   .   a - +0 robe
rPois   .          Reflect  .   (no helmet)
rElec   .          Harm     .   (no cloak)
rCorr   .          Rampage  .   (no gloves)
Will    .....                   (no boots)
Stlth   ++........              (no amulet)
HPRegen 0.13/turn               (no ring)
MPRegen 0.11/turn               (no ring)

@: no status effects
A: (nimble swimmer 2), mertail
a: Renounce Religion


You were on level 2 of the Dungeon.
You worshipped Vehumet.
Vehumet was pleased with you.
You visited 1 branch of the dungeon, and saw 2 of its levels.

You collected 46 gold pieces.


Innate Abilities, Weirdness & Mutations

((You are very nimble when in or above water. (Stealth+, EV+, Speed+++)))
Your lower body shifts to a powerful aquatic tail in water.


   Skills:
 + Level 3.4 Fighting
 + Level 6.1 Dodging
 - Level 2.1 Stealth
 - Level 2.0 Spellcasting
 - Level 0.7 Conjurations
 - Level 2.4 Air Magic


You had 7 spell levels left.
You knew the following spells:

 Your Spells              Type           Power      Damage    Failure   Level
z - Shock                 Conj/Air       24%        1d4       11%         1

Your spell library contained the following spells:

 Spells                   Type           Power      Damage    Failure   Level
 Scorch                   Fire           2%         2d5       30%         2
 Static Discharge         Conj/Air       6%         3-4/arc   17%         2
 Swiftness                Air            9%         N/A       24%         3
 Airstrike                Air            4%         2d(1-17)  61%         4

Inventory:

Hand Weapons
 g - a +0 dagger
 m - a +0 mace
 r - a +0 scythe (weapon)
Missiles
 j - 2 throwing nets {=f}
Armour
 a - a +0 robe (worn)
Scrolls
 c - a scroll of immolation {unknown}
 d - a scroll of teleportation {unknown}
 e - a scroll of brand weapon {unknown}
 h - a scroll of noise {unknown}
 i - 2 scrolls of enchant weapon {unknown}
 n - a scroll of identify {unknown}
 o - a scroll of enchant armour {unknown}
 s - a scroll of vulnerability {unknown}
Potions
 b - a potion of magic
 f - 3 potions of curing {unknown}
 k - a potion of mutation {unknown}
 l - a potion of lignification {unknown}
 p - a potion of ambrosia {unknown}
 q - a potion of flight {unknown}

Dungeon Overview and Level Annotations

Branches:
Dungeon (2/15)

Altars:
Vehumet

Shops:
D:1 *

Annotations:
D:2 Natasha, Robin, Terence

.▒▒▒.▒ ▒▒▒▒........▒▒▒▒...
▒▒▒▒'▒▒ ▒▒.......▒▒▒▒▒......
@!....▒ ▒...g..▒.▒ ▒......
......▒ ▒......'.▒ ▒▒▒......
......▒ ▒▒▒▒▒▒......▒▒▒▒▒........
.▒▒▒▒▒▒▒▒...▒▒...g..▒ ▒.).▒▒▒▒▒..
▒ ▒..(..'...'.......▒ ▒.▒▒▒ ▒..
▒.▒▒▒▒▒...▒▒▒▒▒@▒▒▒▒▒..▒▒ ▒..
▒.▒.<......)..m.▒ ▒.)..▒ ▒..
▒▒▒.▒..~~~~~~~~▒▒▒▒▒ ▒....▒ ▒▒▒
....~~~~≈≈≈≈≈≈~~~~~▒▒▒8..8▒
▒▒~~~≈≈≈≈≈≈≈≈≈≈≈≈≈~~~~8..8▒
~~~≈≈≈≈≈~~~~~~≈≈≈≈≈≈≈~)..~▒▒▒▒
~≈≈≈≈~~~~▒▒▒▒~~~~~≈≈≈≈≈..~~~~▒▒▒▒
≈≈≈~~~▒▒▒▒ ▒▒▒▒▒~~~~≈≈..≈≈≈~~~~▒
≈~~~▒▒▒ ▒▒▒▒[~~..≈≈≈≈≈≈~~ ~~▒▒▒
▒▒▒~..~~~≈≈≈≈≈


You could see Terence and 2 goblins.


Message History

* * * LOW HITPOINT WARNING * * *
Terence attacks as you move away! Terence closely misses you.
A goblin comes into view. It is wielding a +0 dagger.
The goblin shouts!
You hear a shout!
The goblin closely misses you.
A goblin comes into view. It is wielding a +0 club.
The goblin hits you with a +0 club.
* * * LOW HITPOINT WARNING * * *
The goblin attacks as you move away! The goblin hits you but does no damage.
Terence attacks as you move away! Terence hits you with a +0 short sword.
* * * LOW HITPOINT WARNING * * *
There is an open door here.
Terence attacks as you move away! Terence hits you with a +0 short sword!
* * * LOW HITPOINT WARNING * * *
You see here a +0 hand axe.
Terence shouts, "Get ready for death!"
Terence attacks as you move away! Terence hits you with a +0 short sword.
* * * LOW HITPOINT WARNING * * *
There is an open door here.
Terence attacks as you move away! Terence barely misses you.
Terence attacks as you move away! Terence hits you with a +0 short sword!
You die...

Action                   |  1- 3 |  4- 6 || total
-------------------------+-------+-------++-------
Melee: Dagger            |    32 |       ||    32
       Mace              |    13 |       ||    13
       Halberd           |       |    22 ||    22
       Unarmed           |       |     3 ||     3
       Tailslap          |       |     1 ||     1
 Cast: Shock             |    50 |    31 ||    81
Armor: Robe              |    16 |     5 ||    21
       Skin              |       |     1 ||     1
Dodge: Dodged            |    39 |    26 ||    65

Levels and vault maps discovered:
D:1:      dpeg_arrival_shelter, layout_rooms, serial_shops,
          nicolae_shop_hallway_plus, ebering_ecumenical_altar_hall
D:2:      wander_river, layout_basic, uniq_terence, uniq_natasha, uniq_robin,
          uniq_sigmund

Notes
Turn   | Place    | Note
-------+----------+-------------------------------------------
     0 | D:1      | sanka the Merfolk Air Elementalist began the quest for the
                  | Orb.
     0 | D:1      | Reached XP level 1. HP: 13/13 MP: 3/3
    49 | D:1      | Found Posoc's Assorted Antiques.
   260 | D:1      | Reached skill level 3 in Dodging
   643 | D:1      | Reached XP level 2. HP: 19/19 MP: 0/5
   745 | D:1      | Found a faded altar of an unknown god.
   781 | D:1      | Prayed at the altar of an unknown god.
   781 | D:1      | Became a worshipper of Vehumet
   781 | D:1      | Reached * piety under Vehumet
   781 | D:1      | Offered knowledge of Sandblast by Vehumet.
   924 | D:1      | Reached skill level 4 in Dodging
  1242 | D:2      | Noticed Natasha
  1264 | D:2      | Killed Natasha
  1265 | D:2      | Reached skill level 1 in Fighting
  1265 | D:2      | Reached XP level 3. HP: 14/26 MP: 1/6
  1519 | D:2      | Noticed Natasha
  1690 | D:2      | Noticed Sigmund
  1885 | D:2      | Reached XP level 4. HP: 18/33 MP: 7/7
  1911 | D:2      | Killed Sigmund
  1912 | D:2      | Reached skill level 3 in Fighting
  1912 | D:2      | Reached skill level 5 in Dodging
  1912 | D:2      | Reached XP level 5. HP: 9/41 MP: 4/8
  2603 | D:2      | Killed Natasha
  2603 | D:2      | Reached ** piety under Vehumet
  2603 | D:2      | Offered knowledge of Scorch by Vehumet.
  2604 | D:2      | Reached skill level 6 in Dodging
  2698 | D:2      | Noticed Terence
  2699 | D:2      | Noticed Natasha
  2730 | D:2      | Noticed Robin
  2750 | D:2      | HP: 1/41 [Terence/+0 short sword (6)]
  2756 | D:2      | Mangled by Terence

Vanquished Creatures
  Natasha (twice) (D:2)
  2 adders (D:2)
  A ball python (D:2)
  6 bats
  3 endoplasms (D:2)
  2 giant cockroaches
  9 goblins
  3 hobgoblins (D:2)
  2 jackals (D:1)
  2 kobolds
  2 frilled lizards (D:1)
  3 rats
37 creatures vanquished.

Vanquished Creatures (others)
  Sigmund (D:2)
1 creature vanquished.

Grand Total: 38 creatures vanquished
